[Event "Late Titled Tuesday Blitz February 8 2022"]
[White "Kraus, Tomas"]
[Black "Taichman, Ori"]
[WhiteFideId "331708"]
[BlackFideId "2804069"]
[WhiteElo "2389"]
[BlackElo "2227"]
[Result "1/2-1/2"]
[Round "05"]
[TimeControl "180+1"]
[Date "2022.02.09"]
[WhiteClock "0:01:06"]
[BlackClock "0:00:08"]

1. d4 Nf6 2. c4 g6 3. Nc3 Bg7 4. Nf3 O-O 5. Bf4 c5 6. d5 e6 7. e3 exd5 8. cxd5 d6 9. a4 Bg4 10. Be2 Nbd7 11. O-O Ne8 12. Nd2 Bxe2 13. Qxe2 a6 14. Nc4 Ne5 15. Nxe5 dxe5 16. Bg3 Nd6 17. e4 Qd7 18. a5 Nb5 19. Na4 Nd4 20. Qc4 f5 21. f3 fxe4 22. fxe4 Rxf1+ 23. Rxf1 Qb5 24. Nb6 Ne2+ 25. Kf2 Rf8+ 26. Ke1 Rxf1+ 27. Kxf1 Nxg3+ 28. hxg3 Qxb2 29. d6+ Kh8 30. d7 Bf6 31. Qf7 Qc1+ 32. Kf2 Qd2+ 33. Kg1 Qc1+ 34. Kh2 Qh6+ 35. Kg1 Qc1+ 36. Kf2 Qd2+ 37. Kf3 Qd1+ 38. Kf2 Qd2+ 1/2-1/2


[Site "https://www.chess.com"]

[Event "Late Titled Tuesday Blitz February 8 2022"]
[White "Kubatko, Ivan"]
[Black "Djokic, Mihailo"]
[WhiteFideId "24111473"]
[BlackFideId "976440"]
[WhiteElo "2285"]
[BlackElo "2008"]
[Result "0-1"]
[Round "05"]
[TimeControl "180+1"]
[Date "2022.02.09"]
[WhiteClock "0:02:04"]
[BlackClock "0:02:13"]

1. e4 e6 2. d4 d5 3. exd5 exd5 4. Nf3 Bd6 5. c4 dxc4 6. Bxc4 Nf6 7. O-O O-O 8. Nc3 a6 9. Ne5 Nbd7 10. f4 Nb6 11. Bb3 Bf5 12. Be3 c6 13. Qf3 Nbd5 14. Nxd5 cxd5 15. Bxd5 Bxe5 16. fxe5 Nxd5 0-1


[Site "https://www.chess.com"]

[Event "Late Titled Tuesday Blitz February 8 2022"]
[White "Levine, David"]
[Black "Kukula, Pawel"]
[WhiteFideId "2011611"]
[BlackFideId "1115081"]
[WhiteElo "2123"]
[BlackElo "2203"]
[Result "0-1"]
[Round "05"]
[TimeControl "180+1"]
[Date "2022.02.09"]
[WhiteClock "0:00:08"]
[BlackClock "0:00:37"]

1. d4 e6 2. c4 f5 3. Nf3 Nf6 4. g3 Be7 5. Bg2 O-O 6. O-O d6 7. Nc3 Ne4 8. Qd3 Nxc3 9. Qxc3 a5 10. b3 Nc6 11. Bb2 Bf6 12. Rad1 Qe8 13. Qd2 e5 14. e3 Qh5 15. dxe5 dxe5 16. Qd5+ Qf7 17. Qxf7+ Kxf7 18. e4 fxe4 19. Nd2 Bg4 20. Rde1 Nd4 21. Bxe4 c6 22. Kg2 Rad8 23. f3 Be6 24. Rf2 h5 25. h4 g5 26. hxg5 Bxg5 27. Nf1 h4 28. Bc1 hxg3 29. Nxg3 Bxc1 30. Rxc1 Rg8 31. Rg1 Rg5 32. Kf1 Rdg8 33. Ne2 Bh3+ 34. Ke1 Rxg1+ 35. Nxg1 Rxg1+ 36. Kd2 Rg2 37. Rxg2 Bxg2 38. Ke3 Kf6 39. f4 Bxe4 40. Kxe4 c5 41. fxe5+ Ke6 42. Kf4 Nc6 0-1


[Site "https://www.chess.com"]

[Event "Late Titled Tuesday Blitz February 8 2022"]
[White "Li, Ben"]
[Black "Nikologorsky, Matfei"]
[WhiteFideId "2089980"]
[BlackFideId "24102474"]
[WhiteElo "2267"]
[BlackElo "2231"]
[Result "1-0"]
[Round "05"]
[TimeControl "180+1"]
[Date "2022.02.08"]
[WhiteClock "0:00:11"]
[BlackClock "0:00:02"]

1. d4 Nf6 2. c4 g6 3. Nc3 d5 4. cxd5 Nxd5 5. Na4 Bg7 6. e4 Nb6 7. Nf3 Bg4 8. Be3 Nxa4 9. Qxa4+ Nd7 10. Ng5 h6 11. Nxf7 Kxf7 12. Qb3+ Kf8 13. h3 Bh5 14. g4 Nb6 15. O-O-O Bxg4 16. hxg4 Qd6 17. Kb1 a5 18. f4 a4 19. Qc3 h5 20. g5 Qc6 21. Bd3 Qxc3 22. bxc3 Kf7 23. c4 Rhd8 24. c5 Nd7 25. Bc4+ Kf8 26. f5 gxf5 27. exf5 b6 28. c6 Nb8 29. d5 Ra5 30. a3 Na6 31. Rxh5 Nc5 32. Rdh1 Ne4 33. Rh8+ Bxh8 34. Rxh8+ Kg7 35. Bd4+ e5 36. Bxe5+ Kf7 37. Rxd8 Nd2+ 38. Kc2 Nxc4 39. Rd7+ Ke8 40. Bxc7 Rc5 41. Kb1 Nd2+ 42. Kb2 Nc4+ 43. Ka2 Nd2 44. Be5 Rc2+ 45. Ka1 Rc1+ 46. Kb2 Re1 47. Bc3 Nc4+ 48. Ka2 Re2+ 49. Ka1 Rc2 50. Bf6 Nxa3 51. g6 Rg2 52. g7 Nc4 53. Rd8+ Kf7 54. Rf8# 1-0


[Site "https://www.chess.com"]

[Event "Late Titled Tuesday Blitz February 8 2022"]
[White "Li, Hui"]
[Black "Poormosavi, Seyed Kian"]
[WhiteFideId "15400310"]
[BlackFideId "12585807"]
[WhiteElo "1954"]
[BlackElo "2116"]
[Result "0-1"]
[Round "05"]
[TimeControl "180+1"]
[Date "2022.02.09"]
[WhiteClock "0:00:04"]
[BlackClock "0:00:48"]

1. e4 c6 2. d4 d5 3. Nd2 dxe4 4. Nxe4 Nf6 5. Nxf6+ exf6 6. Bc4 Bd6 7. Qe2+ Qe7 8. Qxe7+ Kxe7 9. Ne2 Re8 10. Bf4 Nd7 11. O-O-O Nb6 12. Bd3 Bxf4+ 13. Nxf4 Kd6 14. Rhe1 Bd7 15. Nh5 Bg4 16. Nxg7 Rg8 17. Nf5+ Bxf5 18. Bxf5 Rxg2 19. Bxh7 Rh8 20. Be4 Rxf2 21. Rh1 Rh4 22. Bd3 Rhxh2 23. Rxh2 Rxh2 24. Rd2 Rh4 25. c3 Nd5 26. Rf2 Rf4 27. Rxf4 Nxf4 28. Bc4 Nd5 29. Kd2 Ke6 30. Bb3 Kf5 31. Kd3 Kf4 32. c4 Nc7 33. c5 Nd5 34. Bc4 Kg3 35. Ke4 Kg4 36. Bxd5 f5+ 37. Ke5 cxd5 38. Kxd5 f4 39. c6 bxc6+ 40. Kxc6 f3 41. d5 f2 42. d6 f1=Q 43. d7 Qa6+ 44. Kc7 Qb6+ 45. Kc8 Qc6+ 46. Kd8 f5 47. Ke7 Qc7 48. Ke8 Qe5+ 49. Kf7 Qd6 50. Ke8 Qe6+ 51. Kd8 f4 52. Kc7 Qc4+ 53. Kb7 Qb5+ 54. Kc7 Qc5+ 55. Kb7 Qd6 56. Kc8 Qc6+ 0-1


[Site "https://www.chess.com"]

[Event "Late Titled Tuesday Blitz February 8 2022"]
[White "Makarian, Rudik"]
[Black "Weetik, Vjacheslav"]
[WhiteFideId "44105681"]
[BlackFideId "4153472"]
[WhiteElo "2486"]
[BlackElo "2469"]
[Result "1-0"]
[Round "05"]
[TimeControl "180+1"]
[Date "2022.02.08"]
[WhiteClock "0:00:21"]
[BlackClock "0:00:13"]

1. e4 c6 2. Nf3 d5 3. d3 Bg4 4. Nbd2 e6 5. h3 Bh5 6. Be2 Nf6 7. O-O Be7 8. b3 a5 9. a4 Na6 10. Bb2 O-O 11. Ne5 Bxe2 12. Qxe2 Nd7 13. Nxd7 Qxd7 14. Nf3 f6 15. Rfe1 Rfe8 16. d4 Bb4 17. c3 Bf8 18. Rad1 Nc7 19. Qc2 b5 20. Bc1 Bd6 21. e5 Bf8 22. exf6 gxf6 23. Bf4 Bd6 24. Qc1 Kh8 25. Bxd6 Qxd6 26. Qh6 Qf8 27. Qf4 Qg7 28. Re2 Re7 29. Rde1 Rg8 30. g3 Qg6 31. Qd6 Reg7 32. Qxc6 Qh5 33. Kg2 bxa4 34. bxa4 Qf5 35. Qd6 e5 36. dxe5 Ne6 37. exf6 Rxg3+ 38. fxg3 Nf4+ 39. Kf2 Nd3+ 40. Ke3 Nxe1 41. Rxe1 Re8+ 42. Kd2 1-0


[Site "https://www.chess.com"]

[Event "Late Titled Tuesday Blitz February 8 2022"]
[White "Maksimovic, Bojan"]
[Black "Tsyhanchuk, Stanislav"]
[WhiteFideId "14408120"]
[BlackFideId "13505130"]
[WhiteElo "2450"]
[BlackElo "2078"]
[Result "1-0"]
[Round "05"]
[TimeControl "180+1"]
[Date "2022.02.09"]
[WhiteClock "0:00:06"]
[BlackClock "0:00:03"]

1. Nf3 d5 2. e3 Nf6 3. b3 c5 4. Bb2 Nc6 5. Bb5 g6 6. Bxc6+ bxc6 7. c4 Bg7 8. d3 O-O 9. O-O d4 10. e4 a5 11. a4 Nd7 12. Nbd2 Nb8 13. Ba3 Na6 14. Qe2 Nb4 15. Bxb4 cxb4 16. c5 Ba6 17. Rac1 f5 18. exf5 Rxf5 19. Rfe1 e5 20. Nc4 Qf6 21. Nfd2 Bxc4 22. Rxc4 Rf8 23. Ne4 Qe7 24. Rcc1 Bh6 25. Rcd1 Qe6 26. Qc2 Qd5 27. Re2 Rh5 28. Ng3 Rh4 29. Ne4 Rh5 30. Rde1 Bf4 31. g3 Bh6 32. Nd6 Bg7 33. Qc4 g5 34. Ne4 g4 35. Rc1 Rhf5 36. Qc2 h5 37. h4 gxh3 38. Kh2 Bh6 39. Rf1 h4 40. Rg1 Kh8 41. g4 Rf3 42. g5 Bg7 43. Rg4 R8f4 44. Rxf4 Rxf4 45. Qd1 Qf7 46. Qg1 Qf5 47. g6 Kg8 48. f3 Rxf3 49. Rf2 Qf4+ 50. Kh1 Bh6 51. Qf1 Rxf2 52. Qxf2 Qxf2 53. Nxf2 Kg7 54. Kh2 Kxg6 55. Kxh3 Bg5 56. Kg4 Be3 57. Ne4 Kf7 58. Kxh4 Ke6 59. Kg4 Kd5 60. Kf5 Bf4 61. Nf6+ 1-0


[Site "https://www.chess.com"]

[Event "Late Titled Tuesday Blitz February 8 2022"]
[White "Martin Duque, Jesus"]
[Black "Rustemov, Alexander"]
[WhiteFideId "2208954"]
[BlackFideId "4119002"]
[WhiteElo "2621"]
[BlackElo "2814"]
[Result "0-1"]
[Round "05"]
[TimeControl "180+1"]
[Date "2022.02.09"]
[WhiteClock "0:00:44"]
[BlackClock "0:00:49"]

1. Nf3 d5 2. c4 c6 3. g3 Bg4 4. Bg2 e6 5. O-O Nf6 6. d3 dxc4 7. dxc4 Nbd7 8. Nc3 Be7 9. Bf4 O-O 10. Rc1 a5 11. h3 Bh5 12. Bd6 Bxf3 13. Bxf3 Bxd6 14. Qxd6 Qb8 15. Rfd1 Qxd6 16. Rxd6 Nc5 17. Rcd1 Rfe8 18. b3 Kf8 19. g4 h6 20. h4 g5 21. Kg2 Ke7 22. Kg3 Rg8 23. e3 h5 24. hxg5 Rxg5 25. Kf4 Rag8 26. e4 hxg4 27. Bg2 g3 28. e5 Rf5+ 0-1


[Site "https://www.chess.com"]

[Event "Late Titled Tuesday Blitz February 8 2022"]
[White "Martinez Reyes, Pedro Ramon"]
[Black "Wan, Joseph"]
[WhiteFideId "3901807"]
[BlackFideId "2069890"]
[WhiteElo "2410"]
[BlackElo "2149"]
[Result "0-1"]
[Round "05"]
[TimeControl "180+1"]
[Date "2022.02.09"]
[WhiteClock "0:00:31"]
[BlackClock "0:00:29"]

1. d4 g6 2. c4 Bg7 3. Nc3 c5 4. d5 Bxc3+ 5. bxc3 f5 6. e4 fxe4 7. f3 Nf6 8. fxe4 d6 9. Nf3 Qa5 10. Bd2 Nbd7 11. Bd3 O-O 12. O-O Ng4 13. Qe2 Qd8 14. Rae1 Nde5 15. Bc2 Bd7 16. Ng5 Qc7 17. h3 Nf6 18. Bf4 a6 19. Nf3 b5 20. Nxe5 dxe5 21. Bh6 Rf7 22. Bb3 Qd6 23. Rf2 Rb8 24. Ref1 a5 25. cxb5 Bxb5 26. c4 Be8 27. g4 a4 28. Bd1 Qb6 29. Qe3 Qd6 30. g5 Nh5 31. Bxh5 gxh5 32. Rf5 Rxf5 33. exf5 Rb2 34. f6 e4 35. Rf4 exf6 36. Qxe4 Bg6 37. Qe6+ Qxe6 38. dxe6 f5 39. Rf2 Rxf2 40. Kxf2 f4 41. Kf3 Bd3 42. Kxf4 Bxc4 43. Ke5 Bxa2 44. e7 Kf7 45. Kd6 Bc4 46. Kxc5 Be6 47. Kd6 Bxh3 0-1


[Site "https://www.chess.com"]

[Event "Late Titled Tuesday Blitz February 8 2022"]
[White "Meduri, Aakaash"]
[Black "Domingo Nunez, Alejandro"]
[WhiteFideId "2032252"]
[BlackFideId "22245561"]
[WhiteElo "2047"]
[BlackElo "2215"]
[Result "0-1"]
[Round "05"]
[TimeControl "180+1"]
[Date "2022.02.09"]
[WhiteClock "0:00:01"]
[BlackClock "0:00:04"]

1. d4 Nf6 2. Bg5 d5 3. e3 Nbd7 4. Bd3 e5 5. c3 e4 6. Bc2 Bd6 7. Nd2 h6 8. Bh4 Nf8 9. Rc1 c6 10. c4 Ng6 11. Bg3 Bxg3 12. hxg3 Bg4 13. f3 Bf5 14. Ne2 O-O 15. g4 Be6 16. g5 hxg5 17. fxe4 Ng4 18. Ng3 Nh4 19. Qe2 Nxe3 20. cxd5 Nexg2+ 21. Kf2 Nf4 22. Qe3 cxd5 23. Nf3 Nhg2 24. e5 f5 25. Qb3 g4 26. Rh2 gxf3 27. Rch1 Qb6 28. Qa3 Qxd4+ 29. Kxf3 Rfe8 30. Nxf5 Bxf5 31. Bxf5 Qxe5 32. Bg4 Qe2+ 33. Kg3 Re3+ 34. Qxe3 Qxe3+ 35. Bf3 Kf7 36. Rxg2 Nxg2 37. Kxg2 Re8 38. Rf1 Kg8 39. Bh5 Qg5+ 40. Bg4 Qxg4+ 0-1


[Site "https://www.chess.com"]

[Event "Late Titled Tuesday Blitz February 8 2022"]
[White "Mekhitarian, Krikor Sevag"]
[Black "Sadhwani, Raunak"]
[WhiteFideId "2107660"]
[BlackFideId "35093487"]
[WhiteElo "2598"]
[BlackElo "2616"]
[Result "0-1"]
[Round "05"]
[TimeControl "180+1"]
[Date "2022.02.08"]
[WhiteClock "0:00:03"]
[BlackClock "0:00:41"]

1. e4 e5 2. Bc4 Nc6 3. Nc3 Nf6 4. d3 Bc5 5. f4 d6 6. Nf3 a5 7. fxe5 dxe5 8. Bg5 h6 9. Bh4 Bg4 10. Bb5 Qd6 11. h3 Bd7 12. Qe2 Nd4 13. Nxd4 Bxd4 14. Bxd7+ Nxd7 15. Bf2 c6 16. O-O O-O 17. Qh5 Nc5 18. Bxd4 Qxd4+ 19. Kh2 Ne6 20. Rae1 Rae8 21. a3 f6 22. Qg4 Re7 23. Nd1 Qd7 24. Ne3 Nd4 25. Qg6 Qe8 26. Qg3 Kh7 27. Rf2 Qg6 28. Qxg6+ Kxg6 29. Nf5 Rd7 30. Nxd4 Rxd4 31. Re3 Rfd8 32. Kg1 c5 33. Kf1 c4 34. Rd2 b5 35. Ke2 h5 36. Rg3+ Kf7 37. Rf3 h4 38. Rf1 cxd3+ 39. cxd3 Rc8 40. Rdd1 Rc2+ 41. Rd2 Rc6 42. Rdd1 b4 43. Rc1 Rcd6 44. Rfd1 Kg6 45. Rd2 Rb6 46. Rc5 a4 47. Rcc2 bxa3 48. bxa3 Rb3 49. Ra2 Kg5 50. Ra1 g6 51. Ke3 f5 52. exf5 gxf5 53. Ke2 Rd6 54. Raa2 Rc6 55. Ra1 Rcc3 56. Rf1 Rxa3 57. Rb1 Rab3 58. Rxb3 axb3 59. Ke3 Rc2 60. Rxc2 bxc2 61. Kd2 Kf4 62. Kxc2 Kg3 0-1


[Site "https://www.chess.com"]

[Event "Late Titled Tuesday Blitz February 8 2022"]
[White "Melaugh, Shane"]
[Black "Laith, Kasib"]
[WhiteFideId "2509580"]
[BlackFideId "4801059"]
[WhiteElo "2000"]
[BlackElo "1982"]
[Result "1-0"]
[Round "05"]
[TimeControl "180+1"]
[Date "2022.02.09"]
[WhiteClock "0:00:13"]
[BlackClock "0:00:04"]

1. e4 d6 2. d4 Nf6 3. Nc3 g6 4. f3 Bg7 5. Be3 c6 6. Bc4 O-O 7. Nge2 b5 8. Bb3 a5 9. a3 Nbd7 10. Qd2 Bb7 11. g4 b4 12. Na4 e5 13. Rd1 exd4 14. Bxd4 c5 15. Be3 Ne5 16. O-O c4 17. Ba2 Nxf3+ 18. Rxf3 Nxe4 19. Qe1 Qc8 20. h3 Qc6 21. Nb6 Nc5 22. Nd5 Rfe8 23. Bxc4 Ne4 24. b3 Re5 25. Bd4 Re6 26. Bxg7 Kxg7 27. Qf1 f6 28. Nef4 Ng5 29. Nxe6+ Nxe6 30. Rxf6 Qc5+ 31. Qf2 Qxf2+ 32. Kxf2 Ng5 33. Rxd6 Ne4+ 34. Ke3 Nxd6 35. axb4 axb4 36. Nxb4 Rd8 37. Bd5 Nb5 38. c4 Nc3 39. Rd3 Nd1+ 40. Rxd1 Re8+ 41. Kd4 Rd8 42. Kc5 Bc8 43. Nc6 Rd7 44. Ne5 g5 45. Nxd7 Bxd7 46. b4 Kh6 47. b5 Kg6 48. b6 h5 49. b7 hxg4 50. hxg4 Bxg4 51. Rg1 Kh5 52. b8=Q Bc8 53. Qh2+ Kg6 54. Qe5 Kh7 55. Qxg5 1-0


[Site "https://www.chess.com"]

[Event "Late Titled Tuesday Blitz February 8 2022"]
[White "Michelakos, Panagiotis"]
[Black "Kobalia, Mikhail"]
[WhiteFideId "4216067"]
[BlackFideId "4119150"]
[WhiteElo "2140"]
[BlackElo "2667"]
[Result "1-0"]
[Round "05"]
[TimeControl "180+1"]
[Date "2022.02.08"]
[WhiteClock "0:00:09"]
[BlackClock "0:00:13"]

1. d4 d5 2. Bf4 c5 3. e3 Nc6 4. c3 Nf6 5. Nd2 Bg4 6. Ngf3 cxd4 7. exd4 e6 8. Qb3 Bd6 9. Qxb7 Bxf4 10. Qxc6+ Kf8 11. Bd3 Rb8 12. Rb1 Rb6 13. Qa4 Ne4 14. Nxe4 Bxf3 15. gxf3 dxe4 16. fxe4 e5 17. d5 h5 18. Qxa7 Rhh6 19. a4 Kg8 20. a5 Rbg6 21. a6 Rg2 22. Bf1 Rxh2 23. Rxh2 Bxh2 24. Qe3 Rf6 25. a7 Bg1 26. Ra1 Qa8 27. Bb5 Bxf2+ 28. Qxf2 Rxf2 29. Kxf2 Kh7 30. Bc6 Qd8 31. a8=Q Qh4+ 32. Ke3 Qg3+ 33. Ke2 Qg2+ 34. Kd3 Qf3+ 35. Kc4 Qxe4+ 36. Kc5 h4 37. d6 Qe3+ 38. Kb5 Qe2+ 39. Kb6 Qxb2+ 40. Kc7 1-0


[Site "https://www.chess.com"]

[Event "Late Titled Tuesday Blitz February 8 2022"]
[White "Migot, Tangi"]
[Black "Moore, Nicholas"]
[WhiteFideId "662445"]
[BlackFideId "4303709"]
[WhiteElo "2542"]
[BlackElo "2298"]
[Result "1-0"]
[Round "05"]
[TimeControl "180+1"]
[Date "2022.02.09"]
[WhiteClock "0:01:08"]
[BlackClock "0:00:03"]

1. Nf3 d5 2. c3 Nd7 3. d4 g6 4. Nbd2 Bg7 5. e4 dxe4 6. Nxe4 Ngf6 7. Nxf6+ Nxf6 8. Bc4 O-O 9. Ne5 c5 10. Be3 cxd4 11. Bxd4 Bf5 12. Qe2 Qa5 13. O-O b5 14. Bxb5 Rab8 15. a4 a6 16. Nc6 Qc7 17. Nxb8 Qxb8 18. Bxa6 Ng4 19. g3 e5 20. Be3 e4 21. Bf4 Qb6 22. a5 Qe6 23. Bc4 Qe7 24. a6 g5 25. a7 gxf4 26. a8=Q Rxa8 27. Rxa8+ Bf8 28. Bd5 Kg7 29. Ra4 Nf6 30. Qc4 f3 31. Re1 Qe5 32. Bc6 Bc5 33. Bxe4 Bxf2+ 34. Kxf2 Ng4+ 35. Kf1 Nxh2+ 36. Kf2 Ng4+ 37. Kxf3 Nh2+ 38. Kg2 Bxe4+ 1-0


[Site "https://www.chess.com"]

[Event "Late Titled Tuesday Blitz February 8 2022"]
[White "Miszler, Levente"]
[Black "Ortiz Verdezoto, Anahi"]
[WhiteFideId "763276"]
[BlackFideId "3614581"]
[WhiteElo "1966"]
[BlackElo "1785"]
[Result "0-1"]
[Round "05"]
[TimeControl "180+1"]
[Date "2022.02.09"]
[WhiteClock "0:00:09"]
[BlackClock "0:01:23"]

1. d4 Nf6 2. Nf3 e6 3. c4 b6 4. g3 Ba6 5. Bg2 Bxc4 6. Nc3 Nc6 7. Ne5 Bd5 8. Nxd5 Nxd5 9. Nxc6 dxc6 10. e4 Nf6 11. O-O Be7 12. Qc2 c5 13. dxc5 Bxc5 14. Rd1 Qc8 15. Be3 Bxe3 16. fxe3 O-O 17. e5 Nd5 18. Bxd5 exd5 19. Rxd5 Re8 20. Rad1 Qe6 21. Qxc7 h6 22. Qd6 Qg4 23. Rf1 Qe4 24. Qd7 Qxe3+ 25. Kh1 Rf8 26. Rd3 Qxe5 27. Rdf3 Rad8 28. Qxa7 Rd2 29. Rxf7 Qd5+ 30. Kg1 Qg2# 0-1


[Site "https://www.chess.com"]

[Event "Late Titled Tuesday Blitz February 8 2022"]
[White "Mogranzini, Roberto"]
[Black "Caruana, Fabiano"]
[WhiteFideId "810894"]
[BlackFideId "2020009"]
[WhiteElo "2469"]
[BlackElo "2744"]
[Result "0-1"]
[Round "05"]
[TimeControl "180+1"]
[Date "2022.02.08"]
[WhiteClock "0:00:10"]
[BlackClock "0:00:33"]

1. e4 e6 2. d4 d5 3. Bd3 dxe4 4. Bxe4 Nf6 5. Bf3 c5 6. Ne2 Nc6 7. Be3 cxd4 8. Nxd4 Ne5 9. Nc3 a6 10. Qe2 Nxf3+ 11. Qxf3 Bb4 12. Ne2 O-O 13. a3 Be7 14. O-O Qc7 15. Rad1 e5 16. h3 Be6 17. Ng3 Rad8 18. Nf5 Bxf5 19. Qxf5 Bxa3 20. Bg5 Be7 21. Bxf6 Bxf6 22. Nd5 Qc6 23. c4 b5 24. b3 bxc4 25. bxc4 Rd6 26. Rc1 Re8 27. Rfd1 g6 28. Qe4 Bg5 29. Rc3 f5 30. Qc2 Qc5 31. Ra1 e4 32. Rca3 Rxd5 33. Ra5 Qxa5 34. Rxa5 Rxa5 35. c5 Bf6 36. Qc4+ Kg7 37. c6 Ra1+ 38. Kh2 e3 39. fxe3 Rxe3 0-1


[Site "https://www.chess.com"]

[Event "Late Titled Tuesday Blitz February 8 2022"]
[White "Morris-Suzuki, Sophie"]
[Black "Prohorov, Olexandr"]
[WhiteFideId "30922615"]
[BlackFideId "14105578"]
[WhiteElo "2430"]
[BlackElo "1993"]
[Result "1-0"]
[Round "05"]
[TimeControl "180+1"]
[Date "2022.02.09"]
[WhiteClock "0:00:10"]
[BlackClock "0:00:41"]

1. d4 g6 2. e4 Bg7 3. Nc3 c6 4. Nf3 d5 5. e5 Bg4 6. Be3 f6 7. exf6 exf6 8. Bd3 Nh6 9. O-O O-O 10. h3 Bxf3 11. Qxf3 Nf7 12. Rfe1 Nd6 13. Re2 f5 14. Nxd5 cxd5 15. Qxd5+ Kh8 16. Bf4 Ne4 17. Qxb7 Nd7 18. c3 Nb6 19. Bxe4 fxe4 20. Qxe4 Nd5 21. Bg3 Rc8 22. Rae1 a5 23. Qg4 a4 24. a3 Qb6 25. Qd7 Rcd8 26. Qxa4 Ra8 27. Qc4 Nf6 28. Be5 Rac8 29. Qd3 Qc6 30. Re3 Nh5 31. Bxg7+ Nxg7 32. d5 Qd6 33. c4 Nf5 34. Re6 Qf4 35. Qc3+ Kg8 36. g3 Qxc4 37. Qxc4 Rxc4 38. Rd1 Nd4 39. Re3 Rb8 40. b4 Kf7 41. Red3 Nf5 42. d6 Ke8 43. d7+ Kd8 44. Re1 Ne7 45. Rde3 Kxd7 46. Rxe7+ Kd6 47. Rxh7 Rf8 48. Rg7 Rf6 49. Rd1+ Kc6 50. Rd2 Rc1+ 51. Kg2 Ra1 52. Rd3 Ra2 53. Rf3 Re6 54. h4 Rd2 55. Rh7 Rdd6 56. Rh6 Kb5 57. g4 Ka4 58. g5 Rc6 59. Rg3 Kb5 60. h5 gxh5 61. Rxe6 Rxe6 62. g6 Re8 63. Kh3 Rg8 64. f4 Kc6 65. f5 Kd6 66. f6 Ke6 67. f7 Kf5 68. fxg8=Q Kf6 69. Qf7+ Ke5 70. g7 Kd4 71. g8=Q Ke5 72. Qd5+ Kf4 73. Qgf7# 1-0


[Site "https://www.chess.com"]

[Event "Late Titled Tuesday Blitz February 8 2022"]
[White "Musovic, Armin"]
[Black "Cupid, Kevin"]
[WhiteFideId "939935"]
[BlackFideId "7700512"]
[WhiteElo "2250"]
[BlackElo "2096"]
[Result "1-0"]
[Round "05"]
[TimeControl "180+1"]
[Date "2022.02.09"]
[WhiteClock "0:02:43"]
[BlackClock "0:02:11"]

1. a3 e5 2. Nc3 d5 3. d4 exd4 4. Qxd4 c6 5. e4 dxe4 6. Qxd8+ Kxd8 7. Bg5+ f6 8. O-O-O+ Kc7 9. Bf4+ Kb6 10. Be3+ Kc7 11. Bf4+ Kb6 12. b4 c5 13. Na4+ 1-0


[Site "https://www.chess.com"]

[Event "Late Titled Tuesday Blitz February 8 2022"]
[White "Mustafayev, Farid"]
[Black "Costachi, Mihnea"]
[WhiteFideId "13408771"]
[BlackFideId "1217518"]
[WhiteElo "2129"]
[BlackElo "2464"]
[Result "1-0"]
[Round "05"]
[TimeControl "180+1"]
[Date "2022.02.08"]
[WhiteClock "0:01:07"]
[BlackClock "0:00:44"]

1. d4 Nf6 2. c4 g6 3. g3 Bg7 4. Bg2 O-O 5. e4 c6 6. Ne2 d5 7. cxd5 cxd5 8. e5 Ne8 9. O-O Nc6 10. Nbc3 Nc7 11. b3 f6 12. exf6 Bxf6 13. Be3 Bg4 14. h3 Bxe2 15. Nxe2 Ne6 16. Qd3 Qd7 17. Rac1 a6 18. Rfd1 Rac8 19. h4 Ng7 20. Nf4 e6 21. h5 g5 22. Ne2 Nxh5 23. Bh3 Ng7 24. f4 gxf4 25. Nxf4 Qd6 26. Kg2 Rce8 27. Rh1 Qd7 28. Bg4 Nf5 29. Nxe6 Qxe6 30. Bxf5 Qxe3 31. Bxh7+ Kh8 32. Bg8+ Bh4 33. Qh7# 1-0


[Site "https://www.chess.com"]

[Event "Late Titled Tuesday Blitz February 8 2022"]
[White "Nepomniachtchi, Ian"]
[Black "Ibarra Jerez, Jose Carlos"]
[WhiteFideId "4168119"]
[BlackFideId "2226332"]
[WhiteElo "2740"]
[BlackElo "2626"]
[Result "1-0"]
[Round "05"]
[TimeControl "180+1"]
[Date "2022.02.08"]
[WhiteClock "0:01:01"]
[BlackClock "0:00:19"]

1. e4 c5 2. Nf3 e6 3. d4 cxd4 4. Nxd4 Bc5 5. Nb3 Bb6 6. c4 Ne7 7. Nc3 O-O 8. Be2 f5 9. O-O f4 10. c5 Bc7 11. Nb5 Be5 12. Bd2 Nbc6 13. Bc3 Ng6 14. Nd6 Bxc3 15. bxc3 b6 16. cxb6 axb6 17. c4 Nce5 18. f3 Ba6 19. Rc1 Nh4 20. Rf2 Qg5 21. Kh1 Rf6 22. c5 Bxe2 23. Qxe2 bxc5 24. Rxc5 Rh6 25. Qa6 Rf8 26. Rc8 Nhg6 27. Rxf8+ Nxf8 28. Qf1 Qg3 29. h3 g5 30. Nd4 Qh4 31. a4 Qg3 32. N6f5 exf5 33. Nxf5 1-0


[Site "https://www.chess.com"]

[Event "Late Titled Tuesday Blitz February 8 2022"]
[White "Noboa Silva, Kevin"]
[Black "Krsnik Cohar, Ivan Vihor"]
[WhiteFideId "3618471"]
[BlackFideId "14520044"]
[WhiteElo "2161"]
[BlackElo "2414"]
[Result "1/2-1/2"]
[Round "05"]
[TimeControl "180+1"]
[Date "2022.02.09"]
[WhiteClock "0:00:11"]
[BlackClock "0:00:21"]

1. d4 d5 2. c4 Bf5 3. Nc3 e6 4. cxd5 exd5 5. Bf4 c6 6. e3 Bd6 7. Bg3 Bxg3 8. hxg3 Nd7 9. Bd3 Bxd3 10. Qxd3 Ngf6 11. Nge2 Qb6 12. O-O-O h6 13. Nf4 O-O-O 14. Kb1 Rhe8 15. Rc1 Kb8 16. f3 Re7 17. Rhe1 Rde8 18. g4 Qa5 19. Qd2 Nb6 20. b3 Qb4 21. Nd3 Qa3 22. Ne5 Nfd7 23. Nxd7+ Nxd7 24. e4 dxe4 25. fxe4 Nf6 26. Qf4+ Ka8 27. e5 Qa5 28. g5 hxg5 29. Qxg5 Nd5 30. Nxd5 Qxd5 31. Rc4 f6 32. Qg6 fxe5 33. dxe5 a6 34. Rce4 Rxe5 35. Qxe8+ Rxe8 36. Rxe8+ Ka7 37. R1e2 g5 38. R8e5 Qd3+ 39. Kb2 c5 40. R5e4 a5 41. a4 Ka6 42. Re6+ b6 43. Re8 Qd5 44. R8e5 Qd4+ 45. Ka3 g4 46. Ka2 c4 47. R5e4 cxb3+ 48. Kxb3 Qd3+ 49. Kb2 g3 50. Ka2 Qd5+ 51. Kb2 Qc5 52. Kb3 Qc1 53. Ka2 Qd1 54. Kb2 Ka7 55. Ka2 Kb7 56. Kb2 Ka6 57. Ka2 Qc1 58. Kb3 Qb1+ 59. Kc3 Kb7 60. Kd4 Qg1+ 61. Ke5 Qf1 62. Ke6 b5 63. axb5 Kb6 64. Ke5 a4 65. Kd4 a3 66. Ra2 Qf2+ 67. Rxf2 gxf2 68. Rf4 a2 69. Rxf2 a1=Q+ 70. Ke3 Qe1+ 71. Kf3 Kxb5 72. Re2 Qf1+ 73. Rf2 Qd1+ 74. Kg3 Kc5 75. Rf3 Kd5 76. Kh2 Ke4 77. Kg3 Qd7 78. Kf2 Qh7 79. Kg3 Qh6 80. Kf2 Qh4+ 81. Kf1 Qh2 82. Kf2 Qh1 83. Kg3 Ke5 84. Kf2 Ke4 85. Kg3 Qe1+ 86. Kh3 Ke5 87. Kh2 Qe2 88. Kh3 Qe1 89. Kh2 Qd1 90. Kg3 Qg1 91. Kh3 Ke4 92. Kg3 Qh1 93. Kf2 Kd4 94. Kg3 Kd5 95. Kf2 Qh4+ 96. Kg1 Ke4 97. Kf1 Ke5 98. Kg1 Kd4 99. Kf1 Qg4 100. Kf2 Qh4+ 101. Kf1 Kd5 102. Kg1 Ke6 103. Kf1 Kd7 104. Kg1 Qe1+ 105. Kh2 Ke6 106. Kh3 Ke5 1/2-1/2


[Site "https://www.chess.com"]

[Event "Late Titled Tuesday Blitz February 8 2022"]
[White "Okike, David"]
[Black "Lopez Perdomo, Juan David"]
[WhiteFideId "8500134"]
[BlackFideId "4405137"]
[WhiteElo "2232"]
[BlackElo "1997"]
[Result "1-0"]
[Round "05"]
[TimeControl "180+1"]
[Date "2022.02.09"]
[WhiteClock "0:00:22"]
[BlackClock "0:00:07"]

1. e4 e6 2. d4 d5 3. Nc3 Bb4 4. e5 c5 5. a3 Ba5 6. b4 cxd4 7. Nb5 Bc7 8. f4 Nh6 9. Nf3 Nf5 10. Nfxd4 Nxd4 11. Qxd4 Bb6 12. Qd2 O-O 13. Bb2 Bd7 14. Nd6 Ba4 15. Nxb7 Qc7 16. Nd6 Qxc2 17. Rc1 Qg6 18. Bd3 Qh6 19. Be2 Nc6 20. b5 Na5 21. Qb4 Bb3 22. Rc3 Ba2 23. Rh3 Qg6 24. Rg3 Qb1+ 25. Bd1 Nc4 26. Bc3 Qc1 27. Nxc4 Bxc4 28. Bd2 Qa1 29. Be3 Rfc8 30. a4 Bxe3 31. Rxe3 Qd4 32. Rf3 a5 33. Qd2 Qe4+ 34. Kf2 Qf5 35. h3 Rd8 36. g4 Qg6 37. Kg3 h5 38. Re1 hxg4 39. hxg4 d4 40. Qc2 Qxc2 41. Bxc2 d3 42. Bd1 Rac8 43. f5 d2 44. Ree3 Rd3 45. Rxd3 Bxd3 46. Rxd3 Rc4 47. Rxd2 Re4 48. f6 gxf6 49. exf6 Kh7 50. Bc2 Kh6 51. Bxe4 Kg5 52. b6 e5 53. b7 Kh6 54. b8=Q Kg5 55. Qxe5+ Kh6 56. Rh2# 1-0


[Site "https://www.chess.com"]